 Dungeon Crawl Stone Soup version 0.24-a0-462-ge24419a6ad (webtiles) character file.

Game seed: 3365486308231120921

121 Gargoyl the Skirmisher (level 4, 0/39 HPs)
             Began as a Centaur Abyssal Knight on July 1, 2019.
             Was a Believer of Lugonu.
             Killed by divine providence
             ... invoked by an orc priest
              (10 damage)
             ... on level 3 of the Dungeon.
             The game lasted 00:02:45 (1835 turns).

Gargoyl the Skirmisher (Centaur Abyssal Knight)     Turns: 1835, Time: 00:02:45

Health: 0/39       AC:  9    Str: 15    XL:     4   Next: 76%
Magic:  5/5        EV:  8    Int: 11    God:    Lugonu [**....]
Gold:   111        SH:  0    Dex:  9    Spells: 3/3 levels left

rFire    . . .     SeeInvis .   a - +2 hand axe
rCold    . . .     Gourm    .   (no shield)
rNeg     . . .     Faith    .   d - +4 ring mail
rPois    .         Spirit   .   (no helmet)
rElec    .         Reflect  .   (no cloak)
rCorr    .         Harm     .   (no gloves)
MR       .....                  (no barding)
Stlth    ..........             (no amulet)
HPRegen  0.13/turn              (no ring)
MPRegen  0.09/turn              (no ring)

@: drained, very quick
A: large, hooves 3, deformed body, speed 2, tough skin 3, MP-powered wands
a: Depart the Abyss, Bend Space, Renounce Religion


You were on level 3 of the Dungeon.
You worshipped Lugonu.
Lugonu was pleased with you.
You were not hungry.

You visited 1 branch of the dungeon, and saw 3 of its levels.
You visited the Abyss 1 time.

You collected 111 gold pieces.

Inventory:

Hand Weapons
 a - a +2 hand axe (weapon)
Missiles
 b - 7 javelins (quivered)
Armour
 d - a +4 ring mail (worn)
Wands
 k - a wand of polymorph (5)
Scrolls
 f - 3 scrolls of remove curse
 j - 2 scrolls of identify
Potions
 e - a potion of curing
 i - a potion of flight
Comestibles
 c - 7 rations


   Skills:
 + Level 3.6(2.9) Fighting
 + Level 2.6(2.0) Axes
 * Level 2.1(1.5) Armour
 * Level 1.6(1.0) Dodging
 * Level 2.6(2.0) Invocations


You had 3 spell levels left.
You didn't know any spells.
Your spell library was empty.

Dungeon Overview and Level Annotations

Branches:
Dungeon (3/15)

Altars:
Qazlal


Innate Abilities, Weirdness & Mutations

You have hooves in place of feet.
Armour fits poorly on your strangely shaped body.
You cover ground very quickly.
You have extremely tough skin. (AC +3)
You expend magic power (3 MP) to strengthen your wands.


Message History

Unknown command.
You barely miss the worm. You kick the worm.
The worm is almost dead.
Your ring mail prevents you from hitting the adder.
You hit the orc priest but do no damage.
The adder bites you but does no damage.
An orc comes into view. It is wielding a +0 hand axe.
The worm barely misses you.
The orc priest begins to cast a cantrip, but forgets the words!
The adder barely misses you.
Your ring mail prevents you from hitting the worm.
You kick the worm.
You kill the worm!
Lugonu accepts your kill.
You hit the orc. You miss the adder. You hit the orc priest.
The adder bites you.
* * * LOW HITPOINT WARNING * * *
The orc priest invokes the aid of Beogh against you.
Beogh smites you!
You die...

$. . ..#.
..#+# ..... ##
#.#.# ...###
#.#.###
......##.#<..+
......o....###
.....oS@#..#
#.....o...>#
....##o.#..#
..! #..#..# ..
#o....#
.....##
....### .....


You could see an orc priest, an adder and 4 orcs.

Vanquished Creatures
  Jessica (D:2)
  A gnoll (D:1)
  3 adders (D:2)
  A worm (D:3)
  A dart slug (D:2)
  A leopard gecko (D:2)
  9 bats
  A giant cockroach (D:2)
  6 goblins
  4 hobgoblins
  6 jackals (D:2)
  A quokka (D:2)
  4 frilled lizards
  9 kobolds
  4 rats
52 creatures vanquished.

Vanquished Creatures (others)
  A rat (D:1)
1 creature vanquished.

Grand Total: 53 creatures vanquished

Notes
Turn   | Place    | Note
-------+----------+-------------------------------------------
     0 | Abyss:1  | Gargoyl the Centaur Abyssal Knight began the quest for the
                  | Orb.
     0 | Abyss:1  | Reached XP level 1. HP: 19/19 MP: 2/2
    44 | Abyss:2  | Noticed a neqoxec
    44 | Abyss:2  | Gained mutation: You expend magic power (3 MP) to
                  | strengthen your wands. [a neqoxec]
    46 | Abyss:2  | Noticed a crimson imp
    67 | Abyss:3  | Noticed a wretched star
    68 | D:1      | Escaped the Abyss
   254 | D:1      | Reached * piety under Lugonu
   254 | D:1      | Reached XP level 2. HP: 13/26 MP: 3/3
   559 | D:1      | Reached skill level 1 in Dodging
   761 | D:1      | Reached XP level 3. HP: 31/31 MP: 4/4
  1156 | D:2      | Found a stormy altar of Qazlal.
  1190 | D:2      | Reached XP level 4. HP: 34/38 MP: 5/5
  1285 | D:2      | Reached ** piety under Lugonu
  1499 | D:2      | Noticed Jessica
  1509 | D:2      | Killed Jessica
  1835 | D:3      | Killed from afar by an orc priest

Levels and vault maps discovered:
D:1:      dpeg_arrival_tiny_h, layout_loops_ring, lemuel_old_faithful
D:2:      layout_loops_ring, nicolae_overflow_hidden_temple, first_ration,
          minmay_pentomino_pile, uniq_jessica
D:3:      layout_basic, old_standard_altar, minmay_misc_feat_four_crosses

Skill      XL: |  1  2  3 |
---------------+----------+-----
Axes           | 2 |  2.6
Dodging        | 1 |  1.6
Armour         | 2 |  2.1
Fighting       | |  3.6
Invocations    | |  2.6

Action                   |  1- 3 |  4- 6 || total
-------------------------+-------+-------++-------
Melee: Hand axe          |    75 |    57 ||   132
       Kick              |    10 |    15 ||    25
Invok: Depart the Abyss  |     1 |       ||     1
  Use: Scroll            |     4 |     3 ||     7
  Eat: Chunk             |       |     2 ||     2
Armor: Ring mail         |    86 |    47 ||   133
Dodge: Dodged            |    59 |    38 ||    97

Table legend:
 A = Non-vault XP
 B = Vault XP
 C = Vault XP percentage of total XP
 D = Non-vault monster count
 E = Vault monster count
 F = Vault count percentage of total count
                 A         B        C        D         E       F
            +---------+---------+-------+---------+---------+-------
      Total |     119 |      54 |  31.2 |      47 |       5 |   9.6
            +---------+---------+-------+---------+---------+-------
        D:1 |      42 |       0 |   0.0 |      18 |       0 |   0.0
        D:2 |      72 |      54 |  42.9 |      28 |       5 |  15.2
        D:3 |       5 |       0 |   0.0 |       1 |       0 |   0.0
            +---------+---------+-------+---------+---------+-------
